 Dungeon Crawl Stone Soup version 0.29.1-2-gbd0b4ee654 (webtiles) character file.

Game seed: 17060895644601486198

81 Ivernyr the Insei (level 4, -9/29 HPs)
             Began as an Octopode Transmuter on Oct 31, 2022.
             Splashed by a jelly's acid (12 damage)
             ... on level 3 of the Dungeon.
             The game lasted 00:04:02 (2363 turns).

Ivernyr the Insei (Octopode Transmuter)             Turns: 2363, Time: 00:04:03

Health: -9/29      AC: -2    Str:  9    XL:     4   Next: 42%
Magic:  4/7        EV: 19    Int: 17    God:
Gold:   100        SH:  0    Dex: 17    Spells: 2/8 levels left

rFire   . . .      SeeInvis .     - Unarmed
rCold   . . .      Faith    .   (shield currently unavailable)
rNeg    . . .      Spirit   .   (helmet currently unavailable)
rPois   x          Reflect  .   (no amulet)
rElec   .          Harm     .   (no ring)
rCorr   .          Rampage  .   (no ring)
Will    .....                   (no ring)
Stlth   ++........              (no ring)
HPRegen 0.09/turn               (no ring)
MPRegen 0.10/turn               (no ring)
                                (no ring)
                                (no ring)

@: spider-form (expiring), corroded
A: venomous fangs, almost no armour, (amphibious), 8 rings, tiny, (camouflage
1), (gelatinous body 1), (nimble swimmer 1), (tentacles)
a: End Transformation


You were on level 3 of the Dungeon.
You were a venomous arachnid creature.
You visited 1 branch of the dungeon, and saw 3 of its levels.

You collected 100 gold pieces.

Inventory:

Scrolls
 b - a scroll of identify {unknown}
 c - a scroll of magic mapping {unknown}
 e - 2 scrolls of teleportation {unknown}
 f - a scroll of enchant weapon {unknown}
 h - a scroll of poison {unknown}
 k - a scroll of butterflies {unknown}
Potions
 a - a potion of lignification
 d - 2 potions of invisibility {unknown}
 g - a potion of brilliance {unknown}
 i - a potion of attraction {unknown}
 j - a potion of flight {unknown}


   Skills:
 + Level 2.0 Fighting
 - Level 2.0 Dodging
 + Level 3.4 Unarmed Combat
 + Level 2.5 Spellcasting
 * Level 3.2 Transmutations


You had 2 spell levels left.
You knew the following spells:

 Your Spells              Type           Power      Damage    Failure   Level
a - Beastly Appendage     Tmut           26%        N/A       14%         1
b - Wereblood             Tmut           13%        N/A       21%         2
c - Spider Form           Tmut/Pois      7%         N/A       50%         3

Your spell library contained the following spells:

 Spells                   Type           Power      Damage    Failure   Level
 Searing Ray              Conj           4%         2d4       50%         2
 Stone Arrow              Conj/Erth      4%         3d7       71%         3
 Ice Form                 Ice/Tmut       7%         N/A       85%         4
 Iron Shot                Conj/Erth      1%         9d1       100%        6


Dungeon Overview and Level Annotations

Branches:
Dungeon (3/15)

Altars:


Innate Abilities, Weirdness & Mutations

You are a venomous arachnid creature.
You have poisonous fangs.
You are tiny and dextrous.
Your spellcasting is less reliable in this form.
Your armour is entirely melded.
You are incapable of wielding weapons or throwing items.
You cannot wear most types of armour.
((You are amphibious.))
You can wear up to eight rings at the same time.
((Your skin changes colour to match your surroundings (Stealth+).))
((Your rubbery body absorbs attacks. (AC +1, EV +1)))
((You are camouflaged when in or above water. (Stealth+)))
((You have tentacles for arms and can constrict up to eight enemies at once.))


Message History

Confirm with . or Enter, or press ? or * to list all spells.
One of your tentacles grows a vicious spike.
The giant cockroach closely misses you. The kobold closely misses you.
The giant cockroach barely misses you.
You tentacle-slap the giant cockroach. You grab the giant cockroach.
You pierce the giant cockroach, but do no damage.
You squeeze the giant cockroach.
You kill the giant cockroach!
The kobold closely misses you. The kobold hits you but does no damage.
You see here a giant cockroach corpse.
You tentacle-slap the kobold but do no damage.
You grab the kobold.
You pierce the kobold, but do no damage.
You squeeze the kobold.
You kill the kobold!
Things that are here:
a +0 club; a kobold corpse
There is a stone staircase leading down here.
Casting: Beastly Appendage (safe; 4% risk of failure)
Confirm with . or Enter, or press ? or * to list all spells.
The spell is extremely dangerous to miscast (28% risk of failure)!
Continue anyway?
Your tentacle spike disappears.
You turn into a venomous arachnid creature.
Your transformation is almost over.
You climb downwards.
The orc completely misses you. The jelly hits you. The acid corrodes you!
You are splashed with acid!
There is a stone staircase leading up here.
You hit the jelly.
Your front legs burn!
The jelly is lightly wounded.
The orc hits you with a +0 mace!
* * * LOW HITPOINT WARNING * * *
The jelly barely misses you.
You hit the jelly.
Your front legs burn!
* * * LOW HITPOINT WARNING * * *
The jelly is lightly wounded.
The orc barely misses you. The jelly hits you.
* * * LOW HITPOINT WARNING * * *
You are splashed with acid!
You die...

### ~≈~≈≈~ ..
.~~≈≈≈≈~~ ..
..~~~≈≈~~
#.###...≈~~..
..##.#..........
...#...##....
#.......<#.#
#s....#=....
#oJ........#
###'##...###
....# ..# +.#..#
## #..#.+ #....#
##+###


You could see a jelly and an orc.

Vanquished Creatures
  2 adders (D:2)
  3 worms (D:2)
  2 dart slugs
  A ball python (D:2)
  9 bats
  3 endoplasms
  A giant cockroach (D:2)
  5 hobgoblins
  5 kobolds
  13 frilled lizards (D:1)
  6 goblins
  5 rats
55 creatures vanquished.

Vanquished Creatures (others)
  4 plants (D:1)
4 creatures vanquished.

Grand Total: 59 creatures vanquished

Notes
Turn   | Place    | Note
-------+----------+-------------------------------------------
     0 | D:1      | Ivernyr the Octopode Transmuter began the quest for the
                  | Orb.
     0 | D:1      | Reached XP level 1. HP: 13/13 MP: 3/3
    46 | D:1      | Got Toytuwoiseg's Omnibus of Arcane Weapons
    64 | D:1      | Reached XP level 2. HP: 14/18 MP: 5/5
   293 | D:1      | Learned a level 2 spell: Wereblood
   527 | D:1      | Reached XP level 3. HP: 23/23 MP: 6/6
   536 | D:1      | Learned a level 3 spell: Spider Form
  1319 | D:2      | Reached XP level 4. HP: 13/29 MP: 5/7
  2363 | D:3      | Splashed by a jelly's acid

Illustrated notes

Levels and vault maps discovered:
D:1:      spicycebolla_arrival_clurvy, layout_basic, serial_glass,
          glass_columns_c, glass_columns_a, hex_large, minmay_lizard_king
D:2:      layout_basic
D:3:      layout_loops_cross, nicolae_tso_besieged_by_evil,
          fedhas_ov_isle_minmay, ebering_ecumenical_altar_webs,
          kennysheep_generic_room_14

Skill      XL: |  1  2  3  4 |
---------------+-------------+-----
Transmutations | 3 |  3.2
Fighting       | 2 |  2.0
Dodging        | |  2.0
Unarmed Combat | |  3.4
Spellcasting   | |  2.5

Action                   |  1- 3 |  4- 6 || total
-------------------------+-------+-------++-------
Melee: Unarmed           |    92 |    36 ||   128
       Constrict         |    26 |     8 ||    34
       Tentacles         |    17 |     9 ||    26
       Punch             |     2 |     1 ||     3
       Kick              |     5 |     5 ||    10
 Cast: Beastly Appendage |     3 |     2 ||     5
       Wereblood         |     1 |     1 ||     2
       Spider Form       |       |     1 ||     1
 Stab: Sleeping          |     5 |     1 ||     6
Armor: Skin              |     4 |     3 ||     7
Dodge: Dodged            |    71 |    20 ||    91
